[Event "9th RTU Rapid 2019"]
[Site "Riga"]
[Date "2019.08.04"]
[Round "7.11"]
[White "Maltsevskaya, Aleksandra"]
[Black "Damen, Jip"]
[Result "1-0"]
[WhiteElo "2321"]
[BlackElo "2179"]
[PlyCount "48"]
[EventDate "2019.08.05"]
[EventType "swiss"]
[EventCountry "LAT"]
[TimeControl "5400+30"]
[WhiteClock "0:00:37"]
[BlackClock "0:04:15"]

1. Nf3 g6 2. g3 Bg7 3. d4 d6 4. Bg2 Nf6 5. O-O O-O 6. b3 c6 7. c4 a6 8. Bb2 b5 9. cxb5 axb5 10. Nc3 Qb6 11. e4 Bg4 12. h3 Bxf3 13. Bxf3 Nfd7 14. e5 dxe5 15. d5 Nc5 16. dxc6 e6 17. c7 Nc6 18. Ne4 Nxe4 19. Bxe4 Rfc8 20. Rc1 Rxc7 21. Qd6 Rd8 22. Qc5 Qxc5 23. Rxc5 Rd2 24. Ba1 Bf8 1-0

[Event "9th RTU Rapid 2019"]
[Site "Riga"]
[Date "2019.08.04"]
[Round "7.12"]
[White "Smirnova, Ekaterina"]
[Black "Nevednichy, Vladislav"]
[Result "1/2-1/2"]
[WhiteElo "2134"]
[BlackElo "2495"]
[PlyCount "113"]
[EventDate "2019.08.05"]
[EventType "swiss"]
[EventCountry "LAT"]
[TimeControl "5400+30"]
[WhiteClock "0:00:14"]
[BlackClock "0:00:19"]

1. d4 Nf6 2. c4 e6 3. Nf3 d5 4. Bf4 Nbd7 5. Nc3 dxc4 6. e3 Nd5 7. Bg3 Bb4 8. Rc1 b5 9. Be2 Bb7 10. O-O a6 11. Qc2 N5f6 12. a4 Bxc3 13. bxc3 Nb6 14. a5 Nbd7 15. Nd2 O-O 16. Rb1 Ra7 17. e4 Re8 18. e5 Nd5 19. Ne4 h6 20. Qd2 Ne7 21. f3 Nf8 22. Bf4 Nfg6 23. Be3 Bd5 24. g4 Qa8 25. Ng3 Kh7 26. Nh5 Ng8 27. Qe1 c5 28. Qg3 cxd4 29. Bxd4 Rd7 30. f4 Be4 31. Rbd1 N8e7 32. Rf2 Qd8 33. Rdf1 Rxd4 34. cxd4 Qxd4 35. Rd1 Qc5 36. Qc3 Rc8 37. f5 Nxe5 38. f6 Ng8 39. fxg7 b4 40. Qh3 c3 41. g5 c2 42. Nf6+ Kxg7 43. gxh6+ Kh8 44. Nxe4 cxd1=Q+ 45. Bxd1 Qd4 46. Bf3 Rc2 47. Kg2 b3 48. h7 Nf6 49. Qh6 Nxh7 50. Rxc2 bxc2 51. Nf6 Qd3 52. Be4 Qe2+ 53. Kg3 Qe1+ 54. Kg2 Qe2+ 55. Kg3 Qe1+ 56. Kg2 Qe2+ 57. Kg3 1/2-1/2

[Event "9th RTU Rapid 2019"]
[Site "Riga"]
[Date "2019.08.04"]
[Round "7.13"]
[White "Rudovskii, Filipp"]
[Black "Nesteretz, Anatoliy"]
[Result "1-0"]
[WhiteElo "2127"]
[BlackElo "2317"]
[PlyCount "43"]
[EventDate "2019.08.05"]
[EventType "swiss"]
[EventCountry "LAT"]
[TimeControl "5400+30"]
[WhiteClock "0:00:08"]
[BlackClock "0:06:12"]

1. e4 Nc6 2. Nf3 e5 3. d4 exd4 4. Nxd4 Qh4 5. Nc3 Bb4 6. Ndb5 Qxe4+ 7. Be2 Bxc3+ 8. bxc3 Kd8 9. O-O a6 10. Nd4 Nxd4 11. cxd4 Nf6 12. Bg5 Qf5 13. Qd2 h6 14. Bh4 d6 15. Rab1 Re8 16. Bd3 Qd5 17. Bxf6+ gxf6 18. Rfe1 Rxe1+ 19. Rxe1 Qg5 20. f4 Qd5 21. Qe3 Qe6 22. Qg3 1-0

[Event "9th RTU Rapid 2019"]
[Site "Riga"]
[Date "2019.08.04"]
[Round "7.14"]
[White "Miedema, David"]
[Black "Golubovskis, Maksims"]
[Result "1/2-1/2"]
[WhiteElo "2313"]
[BlackElo "2081"]
[PlyCount "107"]
[EventDate "2019.08.05"]
[EventType "swiss"]
[EventCountry "LAT"]
[TimeControl "5400+30"]
[WhiteClock "0:00:28"]
[BlackClock "0:07:15"]

1. e4 c5 2. Nf3 Nf6 3. e5 Nd5 4. Nc3 e6 5. Nxd5 exd5 6. d4 Nc6 7. dxc5 Bxc5 8. Qxd5 d6 9. Be2 Qa5+ 10. Qd2 Qxd2+ 11. Bxd2 dxe5 12. Bb5 f6 13. Be3 Bxe3 14. Bxc6+ bxc6 15. fxe3 Be6 16. O-O-O Ke7 17. e4 a5 18. a4 Rab8 19. b3 c5 20. Nd2 c4 21. Nxc4 Bxc4 22. bxc4 Rhc8 23. Rd5 Rxc4 24. Rxa5 Rbc8 25. Ra7+ Ke6 26. Rxg7 Rxc2+ 27. Kb1 R2c4 28. Ra7 Rb8+ 29. Ka2 Rxe4 30. Ra6+ Ke7 31. Rc1 Re2+ 32. Ka3 Re3+ 33. Ka2 Kf7 34. Rc2 Re4 35. Rf2 Rf4 36. Rxf4 exf4 37. Ra7+ Ke6 38. Rg7 Kd5 39. Ka3 Kc4 40. Rc7+ Kd3 41. Rg7 Kc3 42. Rc7+ Kd3 43. Rxh7 Rg8 44. Rh4 Ke3 45. Rh3+ Ke4 46. g3 f3 47. Rh4+ Ke3 48. Rf4 Rh8 49. a5 Rxh2 50. Rxf6 Rg2 51. Re6+ Kd3 52. Rd6+ Ke3 53. Re6+ Kd3 54. Rd6+ 1/2-1/2

[Event "9th RTU Rapid 2019"]
[Site "Riga"]
[Date "2019.08.04"]
[Round "7.15"]
[White "Gudovskis, Konstantins"]
[Black "Grinev, Valeriy"]
[Result "0-1"]
[WhiteElo "2015"]
[BlackElo "2287"]
[PlyCount "50"]
[EventDate "2019.08.05"]
[EventType "swiss"]
[EventCountry "LAT"]
[TimeControl "5400+30"]
[WhiteClock "0:06:50"]
[BlackClock "0:00:08"]

1. d4 Nf6 2. c4 g6 3. Nc3 d5 4. Nf3 Bg7 5. Bg5 dxc4 6. e4 c5 7. d5 b5 8. Qc2 O-O 9. Rd1 h6 10. Be3 Qb6 11. h3 e6 12. dxe6 Bxe6 13. Be2 Nc6 14. a3 Rad8 15. Qc1 Kh7 16. g4 Nd4 17. g5 Nxf3+ 18. Bxf3 Rxd1+ 19. Bxd1 hxg5 20. Bxg5 b4 21. Na4 Qc6 22. f3 Nxe4 23. h4 Bd4 24. Qf4 Nf2 25. h5 Nd3+ 0-1

[Event "9th RTU Rapid 2019"]
[Site "Riga"]
[Date "2019.08.04"]
[Round "7.16"]
[White "Dubrovin, Robert"]
[Black "Shashnev, Pavel"]
[Result "1/2-1/2"]
[WhiteElo "2282"]
[BlackElo "2021"]
[PlyCount "107"]
[EventDate "2019.08.05"]
[EventType "swiss"]
[EventCountry "LAT"]
[TimeControl "5400+30"]
[WhiteClock "0:00:35"]
[BlackClock "0:00:55"]

1. d4 Nf6 2. c4 e5 3. dxe5 Ng4 4. Bf4 g5 5. Bg3 Bg7 6. Nf3 Nc6 7. Nc3 Ngxe5 8. Nxe5 Nxe5 9. e3 d6 10. Qb3 Be6 11. Be2 O-O 12. O-O f5 13. f3 Rb8 14. Qa4 f4 15. Bf2 Qe7 16. Ne4 g4 17. exf4 gxf3 18. gxf3 Ng6 19. Ng3 Nxf4 20. Qd1 Qf7 21. Bxa7 Ra8 22. Bd4 Nxe2+ 23. Nxe2 Bxc4 24. Bxg7 Qxg7+ 25. Kh1 Rf6 26. Rg1 Rg6 27. Qd2 Rxa2 28. Rxa2 Bxa2 29. Rxg6 Qxg6 30. Qa5 Qb1+ 31. Kg2 Qxb2 32. Kf1 Bc4 33. Qg5+ Qg7 34. Qd8+ Qf8 35. Qg5+ Qg7 36. Qd8+ Qf8 37. Qg5+ Kh8 38. Kf2 Bxe2 39. Kxe2 c5 40. f4 c4 41. Kd2 b5 42. Qxb5 Qxf4+ 43. Kc3 Qc1+ 44. Kd4 Qf4+ 45. Kc3 Qe5+ 46. Kxc4 Qxb5+ 47. Kxb5 Kg7 48. Kc6 Kf6 49. Kxd6 Kf5 50. Kd5 Kg4 51. Ke4 Kh3 52. Kf3 Kxh2 53. Kf2 h5 54. Kf1 1/2-1/2

[Event "9th RTU Rapid 2019"]
[Site "Riga"]
[Date "2019.08.04"]
[Round "7.17"]
[White "Raghavi, N.."]
[Black "Evchin, Maxim"]
[Result "1-0"]
[WhiteElo "2068"]
[BlackElo "2269"]
[PlyCount "63"]
[EventDate "2019.08.05"]
[EventType "swiss"]
[EventCountry "LAT"]
[TimeControl "5400+30"]
[WhiteClock "0:00:15"]
[BlackClock "0:01:28"]

1. Nf3 g6 2. g3 Bg7 3. Bg2 c5 4. O-O Nc6 5. e4 d6 6. c3 e5 7. a3 Nge7 8. b4 a6 9. d3 O-O 10. Nbd2 h6 11. Nb3 b6 12. Be3 f5 13. Qd2 g5 14. exf5 Bxf5 15. Ne1 d5 16. f4 c4 17. dxc4 dxc4 18. Nc1 Qxd2 19. Bxd2 Rad8 20. Ra2 exf4 21. gxf4 gxf4 22. Ne2 Ne5 23. Nxf4 Nd3 24. Nh5 Be5 25. Nf3 Bh8 26. Bxh6 Rfe8 27. Bg5 Rc8 28. Nh4 Bg4 29. Nf6+ Bxf6 30. Rxf6 Kg7 31. Rxb6 Nf5 32. Rb7+ 1-0

[Event "9th RTU Rapid 2019"]
[Site "Riga"]
[Date "2019.08.04"]
[Round "7.18"]
[White "Brikers, Aleksandrs"]
[Black "Reizniece-Ozola, Dana"]
[Result "0-1"]
[WhiteElo "2011"]
[BlackElo "2261"]
[PlyCount "66"]
[EventDate "2019.08.05"]
[EventType "swiss"]
[EventCountry "LAT"]
[TimeControl "5400+30"]
[WhiteClock "0:04:12"]
[BlackClock "0:00:41"]

1. e4 g6 2. d4 d6 3. f4 Bg7 4. Nc3 a6 5. a4 b6 6. Nf3 Bb7 7. Bd3 c5 8. Be3 Nc6 9. d5 Nb4 10. Bc4 Nf6 11. O-O O-O 12. Qd2 Ng4 13. Nd1 a5 14. c3 Na6 15. Kh1 Nxe3 16. Nxe3 Nc7 17. Rf2 Bc8 18. Rd1 Bd7 19. Qc2 Qe8 20. b3 b5 21. axb5 Nxb5 22. e5 Na3 23. Qa2 Nxc4 24. Nxc4 Qb8 25. Ra1 a4 26. exd6 exd6 27. Qd2 axb3 28. Rxa8 Qxa8 29. Qb2 Qxd5 30. Nfd2 Rb8 31. h3 Qd3 32. Rf3 Qc2 33. Re3 d5 0-1

[Event "9th RTU Rapid 2019"]
[Site "Riga"]
[Date "2019.08.04"]
[Round "7.19"]
[White "Wedda, Dries"]
[Black "Babrauskas, Darius"]
[Result "1-0"]
[WhiteElo "2234"]
[BlackElo "1988"]
[PlyCount "91"]
[EventDate "2019.08.05"]
[EventType "swiss"]
[EventCountry "LAT"]
[TimeControl "5400+30"]
[WhiteClock "0:00:17"]
[BlackClock "0:00:31"]

1. d4 d5 2. c4 c6 3. Nf3 Nf6 4. g3 e6 5. Bg2 dxc4 6. O-O b5 7. Ne5 Bb7 8. b3 cxb3 9. axb3 Be7 10. Nc3 a6 11. Bb2 O-O 12. Ne4 Qb6 13. Nc5 Rd8 14. Nxb7 Qxb7 15. Qc2 Nd5 16. Rfc1 Rc8 17. e4 Nb4 18. Qd2 f6 19. Ng4 Nd7 20. Ne3 Nb6 21. Bh3 Qd7 22. Rd1 Kh8 23. Ra5 Rd8 24. Ba3 Qd6 25. Nc2 c5 26. Bxb4 cxb4 27. Rda1 Nd7 28. Qe2 h6 29. Bg2 e5 30. Ne3 Qxd4 31. Nf5 Qc5 32. Bh3 Bf8 33. Rxa6 Rxa6 34. Rxa6 Nb6 35. Qh5 Qc1+ 36. Kg2 Rd1 37. Ne3 Rg1+ 38. Kf3 Nd7 39. Qf7 Re1 40. Qxd7 Rxe3+ 41. fxe3 Qh1+ 42. Bg2 Qxh2 43. Ra8 Kg8 44. Qe6+ Kh7 45. Rxf8 Qh5+ 46. Qg4 1-0

[Event "9th RTU Rapid 2019"]
[Site "Riga"]
[Date "2019.08.04"]
[Round "7.20"]
[White "Vedrickas, Tautvydas"]
[Black "Bagatais, Janis"]
[Result "1-0"]
[WhiteElo "2231"]
[BlackElo "1946"]
[PlyCount "47"]
[EventDate "2019.08.05"]
[EventType "swiss"]
[EventCountry "LAT"]
[TimeControl "5400+30"]
[WhiteClock "0:00:11"]
[BlackClock "0:00:57"]

1. d4 Nf6 2. c4 e6 3. Nc3 d5 4. cxd5 Nxd5 5. Nf3 Nxc3 6. bxc3 c5 7. e3 cxd4 8. exd4 Bd6 9. Bd3 h6 10. O-O O-O 11. Rb1 Nd7 12. Rb5 Nf6 13. Bxh6 gxh6 14. Qd2 Nd5 15. Qxh6 f5 16. Qg6+ Kh8 17. Ng5 Qd7 18. Bc4 Nc7 19. Re1 Qg7 20. Qh5+ Kg8 21. Rxb7 Bxb7 22. Rxe6 Rf7 23. Rxd6 Re8 24. Bxf7+ 1-0

[Event "9th RTU Rapid 2019"]
[Site "Riga"]
[Date "2019.08.04"]
[Round "7.21"]
[White "Zhukov, Anton"]
[Black "Chibukhchyan, Erik"]
[Result "0-1"]
[WhiteElo "2087"]
[BlackElo "2231"]
[PlyCount "100"]
[EventDate "2019.08.05"]
[EventType "swiss"]
[EventCountry "LAT"]
[TimeControl "5400+30"]
[WhiteClock "0:04:24"]
[BlackClock "0:07:55"]

1. d4 Nf6 2. c4 e6 3. Nf3 b6 4. g3 Ba6 5. Qc2 c5 6. d5 exd5 7. cxd5 Bb7 8. Bg2 Nxd5 9. O-O Nc6 10. Rd1 Nc7 11. e4 Be7 12. Nc3 O-O 13. e5 f6 14. Bf4 Ne6 15. exf6 Bxf6 16. Bd6 Re8 17. Nd5 Ncd4 18. Nxd4 Nxd4 19. Qc4 Bxd5 20. Qxd5+ Kh8 21. Qxa8 Qxa8 22. Bxa8 Rxa8 23. Kg2 Kg8 24. Rac1 Nc6 25. b3 Kf7 26. Bf4 Bd4 27. Be3 a5 28. Bxd4 Nxd4 29. f4 Ke6 30. Kf2 Kd5 31. Re1 a4 32. Re5+ Kd6 33. b4 Ne6 34. bxc5+ bxc5 35. Ke3 Rb8 36. Rc2 Rb1 37. Kd3 g6 38. Kc4 Rb4+ 39. Kc3 Nd4 40. Kd3 Nxc2 41. Kxc2 a3 42. h4 Rb2+ 43. Kc3 Rxa2 44. Kb3 Rg2 45. Kxa3 Rxg3+ 46. Kb2 Rg4 47. Re4 Rxh4 48. Kc3 g5 49. Kd3 Rxf4 50. Re1 h5 0-1

[Event "9th RTU Rapid 2019"]
[Site "Riga"]
[Date "2019.08.04"]
[Round "7.22"]
[White "Hasani, Takin"]
[Black "Bracker, Arne"]
[Result "0-1"]
[WhiteElo "1849"]
[BlackElo "2227"]
[PlyCount "90"]
[EventDate "2019.08.05"]
[EventType "swiss"]
[EventCountry "LAT"]
[TimeControl "5400+30"]
[WhiteClock "0:00:51"]
[BlackClock "0:00:27"]

1. d4 Nf6 2. Bf4 d5 3. e3 e6 4. Nf3 Bd6 5. Bg3 O-O 6. Nbd2 c5 7. c3 Qc7 8. Ne5 b6 9. Bd3 Nc6 10. f4 Ne7 11. Qb1 Nf5 12. Bf2 Be7 13. O-O c4 14. Bc2 b5 15. g4 Nd6 16. Bh4 g6 17. f5 exf5 18. gxf5 Bxf5 19. Bxf5 Nxf5 20. Rxf5 gxf5 21. Qxf5 Ne4 22. Nxe4 dxe4 23. Nd7 Bxh4 24. Nxf8 Kxf8 25. Rf1 f6 26. Qxe4 Bg5 27. Qxa8+ Kg7 28. Qf3 Qe7 29. e4 a5 30. Kh1 b4 31. cxb4 axb4 32. a3 b3 33. Qg4 Kf7 34. e5 Qb7+ 35. Qg2 Qxg2+ 36. Kxg2 Ke6 37. exf6 Bxf6 38. d5+ Ke7 39. d6+ Ke6 40. d7 Be7 41. Rd1 Bd8 42. Kf3 Ke7 43. Ke4 Bb6 44. d8=Q+ Bxd8 45. Rxd8 Kxd8 0-1

[Event "9th RTU Rapid 2019"]
[Site "Riga"]
[Date "2019.08.04"]
[Round "7.23"]
[White "Low, Zhen Yu Cyrus"]
[Black "Rakshitta Ravi"]
[Result "1-0"]
[WhiteElo "2169"]
[BlackElo "2112"]
[PlyCount "99"]
[EventDate "2019.08.05"]
[EventType "swiss"]
[EventCountry "LAT"]
[TimeControl "5400+30"]
[WhiteClock "0:01:33"]
[BlackClock "0:01:34"]

1. e4 e5 2. Nf3 Nc6 3. Bc4 Bc5 4. O-O d6 5. d3 Nf6 6. c3 Bb6 7. Bb3 h6 8. Nbd2 Bg4 9. Re1 Qd7 10. Nf1 O-O-O 11. a4 a5 12. Bc4 Nh5 13. Be3 Bxe3 14. Nxe3 Nf4 15. Bb5 h5 16. Nd5 h4 17. Nxf4 exf4 18. h3 Bh5 19. d4 d5 20. Qd3 Kb8 21. Nd2 Rhe8 22. exd5 Qxd5 23. Qc4 Rxe1+ 24. Rxe1 Qxc4 25. Bxc4 f6 26. Bb5 Na7 27. Be2 Be8 28. Bd1 Nc8 29. Re4 Nb6 30. Rxf4 Bxa4 31. b3 Bc6 32. Rxh4 Nd5 33. c4 Nc3 34. Bf3 g5 35. Rg4 Bd7 36. Rg3 Re8 37. Kf1 Bf5 38. Bh5 Rh8 39. Rxc3 Rxh5 40. g4 Bxg4 41. hxg4 Rh1+ 42. Ke2 Rg1 43. f3 c6 44. Ne4 b5 45. cxb5 cxb5 46. Rc5 Rg2+ 47. Ke3 Rb2 48. Rxb5+ Kc7 49. Rxa5 Rxb3+ 50. Kf2 1-0

[Event "9th RTU Rapid 2019"]
[Site "Riga"]
[Date "2019.08.04"]
[Round "7.24"]
[White "Nair, Sanjeev"]
[Black "Petrovskis, Olegs"]
[Result "1-0"]
[WhiteElo "1841"]
[BlackElo "2147"]
[PlyCount "131"]
[EventDate "2019.08.05"]
[EventType "swiss"]
[EventCountry "LAT"]
[TimeControl "5400+30"]
[WhiteClock "0:00:43"]
[BlackClock "0:01:41"]

1. e4 c5 2. Nf3 d6 3. d4 cxd4 4. Nxd4 Nf6 5. Nc3 a6 6. h3 e5 7. Nde2 Be7 8. g4 h6 9. Bg2 b5 10. O-O Bb7 11. Ng3 b4 12. Nd5 Nxd5 13. exd5 Bf6 14. a3 bxa3 15. Rxa3 Nd7 16. Nf5 Nb6 17. Rb3 Bc8 18. Qd3 Bxf5 19. Qxf5 Nd7 20. Be3 g6 21. Qd3 Bg5 22. Ra1 O-O 23. Rba3 Bxe3 24. Qxe3 Qc8 25. Qxh6 Qxc2 26. Rxa6 Rxa6 27. Rxa6 Qc7 28. h4 Nf6 29. Qg5 Nh7 30. Qe3 Qe7 31. g5 Rd8 32. Bh3 Qb7 33. Qb6 Qxb6 34. Rxb6 f6 35. Be6+ Kh8 36. gxf6 Nxf6 37. b4 Ne4 38. Rc6 Rb8 39. Rc8+ Rxc8 40. Bxc8 Nc3 41. Bb7 Na4 42. Bc6 Nb6 43. Kg2 Kg7 44. Kf3 Kf6 45. Kg4 Nc4 46. Kf3 Nb6 47. Ke4 Nc8 48. Kd3 Nb6 49. b5 Kf5 50. Kc3 Kg4 51. Kb4 Kxh4 52. Ka5 Nc4+ 53. Ka6 Kg4 54. b6 Nxb6 55. Kxb6 Kf3 56. Kc7 Kxf2 57. Kxd6 e4 58. Kc5 g5 59. d6 e3 60. Bb5 e2 61. Bxe2 Kxe2 62. d7 g4 63. d8=Q g3 64. Qd4 Kf1 65. Qf4+ Kg2 66. Kd4 1-0

[Event "9th RTU Rapid 2019"]
[Site "Riga"]
[Date "2019.08.04"]
[Round "7.25"]
[White "Solys, Laimutis"]
[Black "Mohite, Ranveer"]
[Result "1-0"]
[WhiteElo "2143"]
[BlackElo "1935"]
[PlyCount "95"]
[EventDate "2019.08.05"]
[EventType "swiss"]
[EventCountry "LAT"]
[TimeControl "5400+30"]
[WhiteClock "0:00:07"]
[BlackClock "0:03:15"]

1. e4 e5 2. Nf3 Nc6 3. Bb5 a6 4. Ba4 Nf6 5. O-O Be7 6. Re1 b5 7. Bb3 d6 8. a4 Bd7 9. c3 O-O 10. h3 Na5 11. Bc2 c5 12. d4 cxd4 13. cxd4 Nc6 14. Nc3 b4 15. Ne2 Re8 16. Ng3 g6 17. b3 Bf8 18. Bb2 Qb6 19. Qd2 Rad8 20. Rad1 Bg7 21. Qc1 Rc8 22. Qa1 exd4 23. Nxd4 Ne5 24. Bb1 h5 25. Kh1 h4 26. Nf1 Nh5 27. Ne3 Nf4 28. Ne2 Nxe2 29. Rxe2 Rc3 30. Nd5 Qb8 31. Nxc3 bxc3 32. Bxc3 Bh6 33. Bc2 Qc8 34. Bb4 Bxh3 35. f3 Bxg2+ 36. Kxg2 Nxf3 37. Bxd6 Qg4+ 38. Kf2 Bg7 39. Qc1 Nd4 40. Qe3 Nxe2 41. Qxe2 Qg5 42. Qf3 Rc8 43. Bd3 Bd4+ 44. Ke2 Qa5 45. Bc4 Qb6 46. Qxf7+ Kh8 47. Qxg6 Bg7 48. Qh5+ 1-0

[Event "9th RTU Rapid 2019"]
[Site "Riga"]
[Date "2019.08.04"]
[Round "7.26"]
[White "Shailesh, Dravid"]
[Black "Dhyana Patel"]
[Result "1-0"]
[WhiteElo "2134"]
[BlackElo "1900"]
[PlyCount "45"]
[EventDate "2019.08.05"]
[EventType "swiss"]
[EventCountry "LAT"]
[TimeControl "5400+30"]
[WhiteClock "0:03:35"]
[BlackClock "0:12:45"]

1. d4 Nf6 2. Bg5 Ne4 3. Bf4 d5 4. e3 c5 5. Bd3 Nf6 6. Nc3 Nc6 7. Nb5 Qa5+ 8. c3 Kd7 9. Bc7 b6 10. dxc5 Ba6 11. a4 e6 12. cxb6 axb6 13. Bg3 Bxb5 14. Bxb5 Ne4 15. Nf3 Nxg3 16. Ne5+ Kc7 17. Nxc6 Nxh1 18. Nxa5 bxa5 19. Ke2 Nxf2 20. Kxf2 Bc5 21. Qg4 g6 22. Qf4+ Kb6 23. b4 1-0

[Event "9th RTU Rapid 2019"]
[Site "Riga"]
[Date "2019.08.04"]
[Round "7.27"]
[White "Kretainis, Kristaps"]
[Black "Kolesnikovs, Ivans"]
[Result "1/2-1/2"]
[WhiteElo "2252"]
[BlackElo "2013"]
[PlyCount "83"]
[EventDate "2019.08.05"]
[EventType "swiss"]
[EventCountry "LAT"]
[TimeControl "5400+30"]
[WhiteClock "0:00:28"]
[BlackClock "0:04:29"]

1. Nf3 Nf6 2. g3 g6 3. b3 Bg7 4. Bb2 O-O 5. Bg2 d5 6. O-O c5 7. d4 cxd4 8. Nxd4 Nc6 9. c4 Nxd4 10. Bxd4 dxc4 11. bxc4 Qc7 12. Qb3 Rd8 13. Bb2 Be6 14. Na3 a6 15. Rfd1 Rxd1+ 16. Rxd1 Rb8 17. Bc1 Nd7 18. Qb4 Nc5 19. Be3 b6 20. Qd2 Na4 21. Bf4 Be5 22. Bxe5 Qxe5 23. Qf4 Qxf4 24. gxf4 Kf8 25. Kf1 Rc8 26. Bb7 Rc5 27. Rd8+ Kg7 28. Bxa6 Ra5 29. Bc8 Nc5 30. Bxe6 Nxe6 31. Rd3 Nxf4 32. Rb3 Rh5 33. e3 Ne6 34. Rxb6 Rxh2 35. Nc2 Nc5 36. Ne1 Ne4 37. Nd3 Nd2+ 38. Kg1 Nf3+ 39. Kf1 Nd2+ 40. Kg1 Nf3+ 41. Kf1 Nd2+ 42. Kg1 1/2-1/2

[Event "9th RTU Rapid 2019"]
[Site "Riga"]
[Date "2019.08.04"]
[Round "7.28"]
[White "Indricans, Vadims"]
[Black "Alvarado Ascanio, Francisco"]
[Result "0-1"]
[WhiteElo "1878"]
[BlackElo "2166"]
[PlyCount "100"]
[EventDate "2019.08.05"]
[EventType "swiss"]
[EventCountry "LAT"]
[TimeControl "5400+30"]
[WhiteClock "0:00:23"]
[BlackClock "0:03:45"]

1. e4 e6 2. d4 d5 3. exd5 exd5 4. Bd3 Nc6 5. Nf3 Bd6 6. O-O Nge7 7. h3 Bf5 8. Bg5 f6 9. Bh4 Qd7 10. Bg3 Bxg3 11. fxg3 O-O-O 12. Nc3 Rde8 13. a3 Qd6 14. g4 Bxd3 15. Qxd3 g5 16. b4 Kb8 17. Rae1 Ng6 18. Nb5 Qg3 19. Ne5 Qxd3 20. Nxd3 a6 21. Nc3 Nxd4 22. Rxe8+ Rxe8 23. Nxd5 Nxc2 24. Nxf6 Rd8 25. Nc5 Rd2 26. Rf2 Rd1+ 27. Kh2 Ne3 28. g3 Ne5 29. Nxh7 b6 30. Ne4 Nf1+ 31. Kg2 Ne3+ 32. Kh2 Nf1+ 33. Rxf1 Rxf1 34. Nhxg5 Ra1 35. h4 Rxa3 36. Nf6 c5 37. bxc5 bxc5 38. h5 c4 39. h6 Ng6 40. h7 c3 41. Nd7+ Ka7 42. Ne5 Ra2+ 43. Kh3 Nh8 44. Ngf7 c2 45. Nxh8 c1=Q 46. g5 Qh1+ 47. Kg4 Qxh7 48. Nhf7 Ra4+ 49. Kf3 Qe4+ 50. Kf2 Ra2+ {[%emt 0:00:26] g4 [%emt 00:00:23]} 0-1

[Event "9th RTU Rapid 2019"]
[Site "Riga"]
[Date "2019.08.04"]
[Round "7.29"]
[White "Efremov, Vladislav"]
[Black "Ciolek, Andreas"]
[Result "1/2-1/2"]
[WhiteElo "1956"]
[BlackElo "2158"]
[PlyCount "75"]
[EventDate "2019.08.05"]
[EventType "swiss"]
[EventCountry "LAT"]
[TimeControl "5400+30"]
[WhiteClock "0:08:27"]
[BlackClock "0:03:25"]

1. d4 Nf6 2. c4 g6 3. Nc3 Bg7 4. e4 d6 5. h3 O-O 6. Bg5 c5 7. d5 e6 8. Bd3 exd5 9. exd5 Nbd7 10. Nf3 Re8+ 11. Kf1 Ne5 12. Nxe5 Rxe5 13. Bf4 Re8 14. Bg5 Qb6 15. Qd2 Nd7 16. f4 Qb4 17. Rc1 Bd4 18. a3 Qb6 19. Re1 Rxe1+ 20. Kxe1 Nf8 21. Kd1 Bd7 22. Kc1 Re8 23. Re1 Qb3 24. Rxe8 Bxe8 25. Qc2 Qxc2+ 26. Kxc2 f6 27. Bh4 Bxc3 28. Kxc3 Kf7 29. b4 b6 30. b5 h6 31. g4 g5 32. Bg3 Ke7 33. f5 h5 34. Be2 hxg4 35. hxg4 Nd7 36. Kd3 Nb8 37. a4 a5 38. Bf3 1/2-1/2

[Event "9th RTU Rapid 2019"]
[Site "Riga"]
[Date "2019.08.04"]
[Round "7.30"]
[White "Low, Kevin"]
[Black "Daudzvardis, Janis"]
[Result "1-0"]
[WhiteElo "2153"]
[BlackElo "2037"]
[PlyCount "95"]
[EventDate "2019.08.05"]
[EventType "swiss"]
[EventCountry "LAT"]
[TimeControl "5400+30"]
[WhiteClock "0:05:30"]
[BlackClock "0:00:15"]

1. e4 g6 2. d4 c6 3. Nf3 d5 4. e5 Bg4 5. Nbd2 e6 6. h3 Bxf3 7. Nxf3 Bg7 8. c4 dxc4 9. Bxc4 Nd7 10. O-O Nb6 11. Bb3 Ne7 12. a4 O-O 13. a5 Nbd5 14. Bd2 Qd7 15. h4 Rac8 16. Qc1 b6 17. Bh6 c5 18. Bxg7 Kxg7 19. Qd2 c4 20. Bc2 b5 21. h5 h6 22. g3 b4 23. Kg2 b3 24. Bb1 Rh8 25. hxg6 fxg6 26. Qd1 Rcf8 27. Nd2 Qc6 28. Ne4 Nf5 29. Qd2 Rf7 30. Rc1 Rhf8 31. Bd3 c3 32. bxc3 Qb7 33. Rab1 Nde7 34. a6 Qd5 35. Rh1 g5 36. Qd1 Nxd4 37. Rb2 Ndf5 38. Rxb3 Qxe5 39. Rb5 Nd5 40. Qe2 Qc7 41. c4 Nf6 42. Nxf6 Rxf6 43. Rb7 R8f7 44. Rxc7 Rxc7 45. Qe5 Rcf7 46. c5 Ne7 47. Rf1 Nc6 48. Qe4 1-0

[Event "9th RTU Rapid 2019"]
[Site "Riga"]
[Date "2019.08.04"]
[Round "7.31"]
[White "Ivanisvili, Andrejs"]
[Black "Melderis, Uldis"]
[Result "1-0"]
[WhiteElo "2144"]
[BlackElo "1897"]
[PlyCount "109"]
[EventDate "2019.08.05"]
[EventType "swiss"]
[EventCountry "LAT"]
[TimeControl "5400+30"]
[WhiteClock "0:07:20"]
[BlackClock "0:01:14"]

1. g3 e6 2. Bg2 d5 3. d3 c5 4. Nd2 Nc6 5. e4 d4 6. f4 e5 7. f5 Nf6 8. h3 Qc7 9. g4 h6 10. Ngf3 Be7 11. O-O Bd7 12. a4 a6 13. Nc4 Rb8 14. a5 Bd6 15. Bd2 Ng8 16. Qe2 f6 17. h4 Nd8 18. g5 Bb5 19. Nb6 Bc6 20. Kf2 Qe7 21. Rh1 Bc7 22. Nc4 Bb5 23. Na3 Bc6 24. Nc4 Bb5 25. Na3 Bc6 26. Rhb1 Bd6 27. Nc4 Bb5 28. Nb6 Bc6 29. c3 Bc7 30. Nc4 Bb5 31. Na3 Qd7 32. c4 Bc6 33. b4 cxb4 34. Bxb4 Bd6 35. c5 Bc7 36. Nd2 hxg5 37. hxg5 fxg5 38. Rh1 Rh4 39. Rxh4 gxh4 40. Qg4 Qe7 41. Rh1 Nh6 42. Qh5+ Ndf7 43. Nf3 Kf8 44. Rxh4 Bd8 45. Nc4 Qf6 46. Rh1 Kg8 47. Rh3 Bc7 48. Rg3 Kh7 49. Rg6 Qe7 50. Bd2 Be8 51. f6 Qxf6 52. Rxf6 gxf6 53. Bh3 Ng5 54. Nxg5+ fxg5 55. Bf5+ 1-0

[Event "9th RTU Rapid 2019"]
[Site "Riga"]
[Date "2019.08.04"]
[Round "7.32"]
[White "Stabulnieks, Klavs"]
[Black "Pavlovs, Nikita"]
[Result "1-0"]
[WhiteElo "2136"]
[BlackElo "1845"]
[PlyCount "143"]
[EventDate "2019.08.05"]
[EventType "swiss"]
[EventCountry "LAT"]
[TimeControl "5400+30"]
[WhiteClock "0:00:36"]
[BlackClock "0:00:46"]

1. d4 Nf6 2. c4 g6 3. Nc3 d5 4. cxd5 Nxd5 5. Bd2 Bg7 6. e4 Nxc3 7. Bxc3 O-O 8. Qd2 c5 9. d5 e6 10. Bc4 exd5 11. Bxd5 Nd7 12. Rd1 Qe7 13. Nf3 Nf6 14. O-O Bg4 15. Qf4 Be6 16. Rfe1 Rad8 17. Bxe6 Qxe6 18. Rxd8 Rxd8 19. Qc7 Qc8 20. Qa5 a6 21. Nd2 Re8 22. f3 b5 23. Nb3 b4 24. Bxf6 Bxf6 25. Rc1 Bxb2 26. Rxc5 Qd7 27. Rd5 Qb7 28. Nc5 Qb5 29. Qxa6 Qxa6 30. Nxa6 Bc3 31. Rb5 Ra8 32. Nxb4 Bxb4 33. Rxb4 Rxa2 34. h4 h5 35. Kh2 Kg7 36. Kg3 Rc2 37. Rb1 Ra2 38. Rf1 Kf6 39. Rf2 Ra3 40. Kf4 Ra4 41. Rb2 Ra6 42. Rb8 Rc6 43. Rg8 Rc4 44. g4 hxg4 45. fxg4 Rc1 46. e5+ Ke7 47. Ra8 Rf1+ 48. Kg5 Ke6 49. Ra5 Rf2 50. Kh6 Rh2 51. Kg5 Rf2 52. h5 gxh5 53. gxh5 Rg2+ 54. Kh6 Kf5 55. Kh7 Rg1 56. h6 f6 57. exf6+ Kxf6 58. Ra7 Rh1 59. Rg7 Rh2 60. Rg6+ Kf7 61. Rg3 Rh1 62. Rf3+ Ke7 63. Kg7 Rg1+ 64. Kh8 Rh1 65. h7 Rh2 66. Rf4 Rh1 67. Kg7 Rg1+ 68. Kh6 Rh1+ 69. Kg6 Rh2 70. Rf5 Rg2+ 71. Rg5 Rh2 72. Rh5 1-0